Map: Golden Wall LE

Players

DisK

  • Race: Protoss Protoss
  • League: Grandmaster
  • Spawn Location: 7:00

Nina - Winner!

  • Race: Protoss Protoss
  • League: Grandmaster
  • Spawn Location: 5:00

Event: The Miserable Cup

VOD

Have the link to the VOD?

Description

Time

  • Played on: June 21, 2020, 1:01 p.m.
  • Length: 22:33

All games in this series

Show
View Real Time Build Order
Export as new Build Order

DisK Protoss 

Build Orders:  

Get SALT Encoding   

  12  0:00  Probe  
  13  0:12  Probe  
  14  0:17  Pylon  
  14  0:25  Probe  
  15  0:33  Probe  
  15  0:37  Gateway  
  15  0:41  Probe  
  16  0:46  Assimilator  
  17  0:51  Probe  
  17  0:56  Assimilator  
  18  0:59  Probe  
  19  1:08  Probe  
  19  1:10  Gateway  
  20  1:19  Probe  
  20  1:25  Cybernetics Core  
  21  1:31  Probe  
  22  1:38  Pylon  
  22  1:43  Probe  
  23  1:56  Probe  
  24  2:04  Stalker  
  24  2:05  Warp Gate, Sentry  
  28  2:16  Pylon  
  28  2:20  Probe  
  29  2:38  Nexus  
  29  2:41  Shield Battery  
  29  2:50  Stalker  
  31  2:57  Stalker  
  33  3:14  Probe  
  33  3:18  Robotics Facility  
  34  3:25  Probe  
  35  3:33  Probe  
  35  3:38  Pylon  
  36  3:41  Probe  
  37  3:48  Probe  
  37  3:52  Probe  
  39  3:55  Stalker  
  39  3:56  Probe  
  39  3:58  Stalker  
  44  4:04  Probe  
  44  4:05  Probe  
  44  4:06  Observer  
  44  4:09  Forge  
  47  4:12  Probe  
  47  4:13  Probe  
  48  4:20  Probe  
  48  4:21  Probe  
  49  4:31  Stalker, Probe  
  49  4:32  Sentry  
  49  4:33  Probe  
  55  4:42  Warp Prism  
  55  4:43  Probe  
  55  4:45  Probe  
  59  4:55  Probe  
  57  5:04  Probe  
  57  5:05  Stalker x2  
  62  5:13  Pylon  
  62  5:14  Pylon  
  62  5:30  Protoss Ground Weapons Level 1  
  62  5:31  Probe x2  
  62  5:32  Twilight Council  
  64  5:38  Immortal  
  64  5:40  Assimilator  
  64  5:42  Assimilator  
  68  5:43  Probe  
  68  5:47  Adept x2  
  68  5:49  Blink  
  73  5:53  Gateway  
  73  5:55  Gateway  
  73  5:56  Probe x2  
  74  6:05  Pylon  
  74  6:17  Probe  
  75  6:22  Probe  
  74  6:26  Observer  
  74  6:28  Adept x2  
  74  6:32  Dark Shrine  
  76  6:38  Probe  
  77  6:43  Nexus  
  77  6:44  Pylon  
  77  6:45  Probe  
  78  6:57  Stalker  
  78  6:59  Stalker x2  
  85  7:01  Probe x2  
  85  7:06  Observer  
  87  7:10  Gateway  
  87  7:12  Gateway  
  87  7:21  Stalker x2  
  91  7:34  Warp Prism  
  85  7:39  Stalker x2  
  85  7:42  Probe x2  
  93  7:59  Probe  
  93  8:04  Probe, Dark Templar x2  
  93  8:05  Probe, Dark Templar  
  100  8:06  Dark Templar  
  100  8:07  Probe  
  105  8:20  Probe x2, Protoss Ground Weapons Level 2  
  105  8:21  Probe  
  108  8:27  Pylon x2  
  108  8:28  Pylon  
  108  8:58  Stalker x3  
  108  8:59  Stalker x3  
  112  9:05  Gateway  
  112  9:06  Assimilator, Gateway x2  
  112  9:07  Assimilator  
  112  9:08  Gateway  
  102  9:12  Pylon  
  97  9:20  Probe x3  
  100  9:25  Pylon x2  
  100  9:28  Stalker x4  
  108  9:32  Probe x3  
  108  9:34  Observer  
  108  9:35  Observer  
  106  9:40  Probe x3  
  106  9:42  Pylon  
  107  9:48  Probe x3  
  110  9:57  Stalker x2  
  110  9:58  Stalker, Probe x2  
  110  9:59  Probe  
  116  10:06  Stalker  
  116  10:07  Stalker  
  123  10:08  Stalker  
  123  10:10  Observer  
  125  10:14  Dark Templar  
  125  10:16  Probe x2  
  125  10:17  Probe  
  130  10:21  Stalker  
  131  10:28  Probe  
  131  10:32  Pylon  
  132  10:40  Pylon, Robotics Bay  
  132  10:47  Photon Cannon  
  132  10:48  Photon Cannon  
  132  10:49  Photon Cannon  
  130  11:07  Charge  
  130  11:10  Dark Templar x3  
  130  11:11  Zealot, Dark Templar  
  138  11:12  Zealot x2  
  138  11:14  Stalker x2  
  148  11:39  Stalker x5  
  158  11:43  Observer  
  143  11:51  Robotics Facility  
  141  11:55  Observer  
  141  11:58  Stalker x3  
  147  12:02  Protoss Ground Weapons Level 3, Nexus  
  147  12:03  Disruptor  
  138  12:19  Stalker x6  
  136  12:35  Probe  
  136  12:36  Probe x2  
  139  12:37  Pylon  
  139  12:38  Stalker x6  
  139  12:39  Stalker x3  
  157  12:45  Gravitic Boosters  
  157  12:52  Probe x3  
  160  12:59  Disruptor  
  160  13:00  Disruptor  
  162  13:11  Photon Cannon  
  162  13:12  Shield Battery  
  162  13:16  Photon Cannon  
  162  13:18  Zealot, Shield Battery  
  164  13:22  Stalker  
  164  13:24  Disruptor  
  164  13:25  Assimilator  
  166  13:27  Disruptor, Assimilator  
  171  13:45  Pylon  
  171  13:46  Pylon  
  171  13:53  Stargate  
  171  13:56  Zealot x4  
  171  14:00  Disruptor, Observer  
  182  14:17  Stalker x5  
  192  14:28  Dark Templar  
  194  14:38  Stalker  
  194  14:39  Stalker x2  
  187  15:31  Disruptor x2  
  193  15:35  Stalker x2  
  193  15:36  Stalker  
  193  15:41  Shadow Stride  
  173  15:50  Stalker x6  
  173  15:52  Nexus  
  173  15:55  Pylon  
  185  15:57  Assimilator  
  185  16:02  Assimilator  
  185  16:04  Pylon  
  185  16:07  Protoss Ground Armor Level 1  
  185  16:09  Gateway  
  185  16:10  Gateway  
  184  16:11  Stalker x3  
  184  16:12  Gateway x2  
  184  16:14  Pylon  
  184  16:15  Stalker x5  
  186  16:56  Stalker x7  
  186  17:01  Nexus  
  200  17:02  Pylon  
  200  17:04  Assimilator  
  200  17:08  Assimilator  
  198  17:40  Photon Cannon  
  198  17:41  Photon Cannon  
  198  17:45  Photon Cannon  
  198  17:46  Shield Battery  
  198  17:48  Dark Templar  
  180  18:00  Zealot x5  
  180  18:01  Zealot, Dark Templar x2  
  180  18:02  Disruptor x2  
  180  18:05  Stalker x2  
  182  18:42  Zealot x9  
  182  18:43  Zealot  
  198  18:48  Zealot  
  198  18:49  Zealot  
  162  19:36  Disruptor x2  
  162  19:38  Nexus  
  159  19:47  Zealot  
  159  19:48  Zealot x12  
  185  19:56  Pylon  
  185  19:58  Pylon  
  184  20:08  Templar Archives  
  133  20:26  Zealot x5  
  133  20:27  Zealot x8  
  149  20:30  Disruptor  
  141  20:56  Disruptor  
  141  20:59  Probe  
  141  21:02  Disruptor  
  146  21:11  High Templar, Probe  
  146  21:12  High Templar x12  
  146  21:16  Archon x6  
  159  21:39  Observer  
  129  21:49  Stalker x4  
  129  21:50  Stalker x2  
Show
View Real Time Build Order
Export as new Build Order

Nina Protoss - Winner!

Build Orders: Oracle Opening 

Get SALT Encoding   

  12  0:00  Probe  
  13  0:13  Probe  
  14  0:19  Pylon  
  14  0:25  Probe  
  15  0:34  Probe  
  15  0:39  Gateway  
  15  0:42  Probe  
  17  0:51  Assimilator, Probe  
  18  0:58  Assimilator  
  18  1:01  Probe  
  19  1:10  Probe  
  19  1:11  Gateway  
  20  1:19  Probe  
  21  1:30  Cybernetics Core  
  21  1:33  Probe  
  22  1:43  Pylon  
  22  1:45  Probe  
  23  1:52  Pylon  
  24  2:10  Stalker  
  24  2:11  Stalker  
  27  2:18  Stargate  
  27  2:21  Warp Gate  
  27  2:29  Shield Battery  
  28  2:37  Probe  
  28  2:50  Stalker  
  30  2:54  Stalker  
  30  2:57  Oracle  
  35  3:25  Nexus  
  35  3:31  Oracle  
  38  3:41  Pylon  
  38  3:44  Probe  
  39  3:59  Probe  
  40  4:06  Twilight Council  
  40  4:11  Probe  
  40  4:16  Oracle  
  41  4:23  Probe  
  45  4:31  Probe  
  45  4:38  Probe  
  47  4:39  Probe  
  47  4:40  Pylon  
  48  4:49  Blink  
  48  4:50  Probe x2  
  47  5:02  Probe x2  
  49  5:10  Forge  
  49  5:11  Assimilator  
  49  5:12  Assimilator  
  50  5:14  Probe x2  
  51  5:26  Probe x2  
  53  5:32  Stalker x2  
  57  5:37  Protoss Ground Weapons Level 1, Probe  
  57  5:38  Probe  
  57  5:40  Gateway  
  59  5:45  Probe  
  60  5:50  Probe  
  60  5:53  Pylon, Probe  
  60  5:54  Pylon  
  62  6:11  Probe x2  
  64  6:13  Gateway  
  64  6:15  Gateway  
  64  6:17  Stalker  
  65  6:19  Gateway  
  63  6:29  Probe  
  63  6:30  Probe  
  64  6:35  Photon Cannon  
  64  6:41  Stalker x2  
  64  6:43  Probe  
  64  6:45  Probe  
  70  7:01  Nexus  
  70  7:09  Pylon, Robotics Facility  
  70  7:20  Pylon  
  70  7:24  Stalker x2  
  70  7:25  Stalker  
  76  7:34  Probe  
  76  7:35  Stalker x2  
  80  7:38  Probe  
  80  7:39  Protoss Ground Weapons Level 2  
  81  7:50  Pylon  
  81  7:52  Probe  
  81  7:54  Probe  
  83  8:05  Probe  
  84  8:06  Observer, Probe  
  84  8:08  Robotics Bay  
  84  8:12  Stalker x3  
  92  8:16  Stalker  
  92  8:17  Probe  
  92  8:19  Probe  
  96  8:23  Probe  
  97  8:35  Stalker x4  
  97  8:39  Observer  
  105  9:00  Disruptor  
  108  9:06  Pylon  
  106  9:13  Pylon  
  97  9:27  Assimilator  
  97  9:28  Assimilator  
  97  9:31  Cybernetics Core  
  97  9:32  Disruptor  
  100  9:49  Gateway  
  100  9:50  Photon Cannon  
  100  9:51  Gateway  
  100  9:52  Photon Cannon  
  100  9:55  Photon Cannon  
  100  10:01  Photon Cannon  
  100  10:13  Disruptor  
  103  10:17  Robotics Facility  
  103  10:20  Nexus  
  97  10:39  Nexus  
  97  10:41  Stalker x4  
  103  10:45  Disruptor  
  106  11:01  Disruptor  
  105  11:09  Pylon  
  105  11:10  Pylon, Shield Battery  
  108  11:18  Pylon, Protoss Ground Weapons Level 3  
  108  11:20  Probe  
  108  11:21  Probe  
  108  11:24  Disruptor  
  110  11:28  Photon Cannon  
  110  11:32  Probe  
  114  11:33  Probe  
  114  11:36  Disruptor  
  114  11:56  Stalker x3  
  114  11:59  Stalker x2  
  124  12:07  Disruptor  
  123  12:14  Stalker  
  125  12:16  Disruptor  
  128  12:30  Stalker x3  
  128  12:33  Probe  
  128  12:35  Probe  
  136  12:44  Probe  
  136  12:45  Probe  
  136  12:47  Photon Cannon  
  138  12:52  Observer  
  138  12:53  Observer  
  140  13:07  Pylon  
  140  13:09  Pylon  
  140  13:10  Photon Cannon  
  140  13:11  Pylon  
  140  13:12  Pylon  
  140  13:18  Pylon  
  140  13:20  Pylon  
  140  13:21  Pylon  
  140  13:22  Shield Battery  
  140  13:24  Probe  
  140  13:25  Probe  
  142  13:27  Assimilator  
  142  13:32  Disruptor x2, Assimilator, Probe  
  148  13:36  Probe  
  148  13:38  Photon Cannon  
  148  13:40  Probe  
  150  13:44  Probe  
  151  13:52  Probe  
  151  14:03  Stalker x4  
  151  14:04  Stalker x2, Nexus  
  151  14:08  Pylon  
  163  14:11  Pylon, Disruptor  
  163  14:13  Observer  
  163  14:15  Shield Battery  
  167  14:29  Shield Battery  
  167  14:35  Disruptor, Photon Cannon  
  168  14:38  Stalker x3  
  173  15:02  Pylon  
  173  15:04  Pylon  
  173  15:08  Disruptor  
  173  15:13  Disruptor  
  164  15:35  Stalker x6  
  168  15:43  Disruptor  
  168  15:44  Observer  
  168  15:48  Disruptor  
  174  15:50  Photon Cannon x2  
  174  15:52  Photon Cannon  
  174  15:54  Photon Cannon  
  174  15:56  Photon Cannon  
  171  16:20  Observer  
  171  16:22  Assimilator  
  171  16:24  Nexus  
  171  16:25  Observer  
  173  16:27  Assimilator  
  173  16:29  Stalker x6  
  173  16:30  Photon Cannon  
  173  16:32  Photon Cannon  
  181  16:40  Disruptor  
  181  16:41  Disruptor  
  173  17:02  Stalker x3  
  177  17:14  Stalker x3  
  182  17:16  Disruptor  
  188  17:23  Observer  
  185  17:33  Robotics Facility  
  185  17:35  Robotics Facility  
  185  17:36  Stalker  
  185  17:37  Stalker x2  
  191  17:45  Photon Cannon  
  191  17:46  Shield Battery  
  191  17:49  Pylon  
  191  17:50  Photon Cannon  
  188  17:53  Photon Cannon  
  182  18:01  Disruptor  
  185  18:07  Stalker x3  
  185  18:08  Stalker x3  
  197  18:19  Nexus  
  191  18:21  Disruptor  
  192  18:31  Zealot x4  
  192  18:34  Disruptor  
  197  18:41  Stalker  
  197  18:42  Stalker  
  197  18:43  Disruptor  
  197  18:45  Pylon  
  195  18:52  Photon Cannon  
  195  18:58  Disruptor  
  197  19:12  Disruptor  
  192  19:20  Disruptor  
  187  19:36  Disruptor  
  190  19:39  Photon Cannon  
  190  19:41  Photon Cannon  
  190  19:43  Photon Cannon  
  174  19:47  Disruptor  
  174  19:48  Stalker x5  
  187  19:54  Probe  
  187  19:56  Disruptor  
  191  20:04  Photon Cannon  
  190  20:12  Disruptor  
  180  20:23  Disruptor  
  180  20:26  Zealot x5  
  185  20:39  Photon Cannon  
  185  20:40  Photon Cannon  
  185  20:45  Disruptor  
  185  20:48  Probe  
  189  20:54  Observer  
  190  21:07  Zealot x5  
  198  21:39  Zealot  
  192  22:02  Stalker x4  
Tags
 
Add a new tag
Caveats
  • Supply blocks, unpowered buildings, or Contaminate may cause inaccurate times.
  • Supply counts are checked every 10 seconds.